 Dungeon Crawl Stone Soup version 0.31.0-1-g2c135a008e (webtiles) character file.

Game seed: 7179014358117895860

163 qw the Shooter (level 5, 0/40 HPs)
             Began as a Djinni Hunter on Jan 23, 2024.
             Slain by a gnoll
             ... wielding a +0 halberd
              (7 damage)
             ... on level 2 of the Dungeon.
             The game lasted 00:00:06 (1496 turns).

qw the Shooter (Djinni Hunter)                      Turns: 1496, Time: 00:00:07

Health: 0/40       AC:  8    Str: 10    XL:     5   Next: 72%
Gold:   58         EV: 12    Int: 11    God:
                   SH:  0    Dex: 18

rFire   + + .        a - +0 shortbow
rCold   x . .        (shield currently unavailable)
rNeg    . . .        c - +0 leather armour
rPois   inf          j - +0 helmet
rElec   .            (no cloak)
rCorr   .            (no gloves)
SInv    .            (boots unavailable)
Will    .....        (no amulet)
Stlth   ++           b - +4 ring of protection
HPRegen 0.26/turn    (no ring)
MPRegen 0.00/turn

%: infuse magic (-1 HP)
@: flying
A: sickness immunity, fire resistance 2, cold vulnerability 1, float, innate
caster, HP casting, extra vitality 1
a: no special abilities


You were on level 2 of the Dungeon.
You visited 1 branch of the dungeon, and saw 2 of its levels.

You collected 58 gold pieces.


Innate Abilities, Weirdness & Mutations

You are immune to sickness and miasma.
You are immune to poison.
Your flesh is very heat resistant. (rF++)
You are vulnerable to cold. (rC-)
You float through the air rather than walking.
You learn spells naturally, not from books.
Your magical power is your life essence.
You have superior vitality. (+4 MHP)


   Skills:
 - Level 3.4 Fighting
 + Level 4.5 Ranged Weapons
 - Level 3.0 Dodging
 - Level 0.7 Stealth


You knew the following spells:

 Your Spells              Type           Power      Damage    Failure   Level
a - Sting                 Conj/Alch      0%         1d3       43%         1
b - Lesser Beckoning      Tloc           0%         N/A       58%         2
Your spell library was empty.

Inventory:

Hand Weapons
 a - a +0 shortbow (weapon)
Armour
 c - a +0 leather armour (worn)
 j - a +0 helmet (worn)
Jewellery
 b - a +4 ring of protection (left hand)
Potions
 d - 3 potions of haste

Dungeon Overview and Level Annotations

Branches:
Dungeon (2/15)

Altars:


Message History

You shoot an arrow. The arrow hits the dart slug.
The dart slug is severely wounded.
The dart slug closely misses you. The gnoll hits you with a +0 whip.
You shoot an arrow. The arrow hits the dart slug.
The dart slug is almost dead.
The dart slug bites you but does no damage.
The gnoll hits you with a +0 whip. The gnoll misses you.
You shoot an arrow. The arrow hits the dart slug.
You kill the dart slug!
The ball python closely misses you. The ball python barely misses you.
The gnoll closely misses you.
The gnoll hits you from afar with a +0 halberd!
You shoot an arrow. The arrow hits the gnoll!
The gnoll is heavily wounded.
The ball python bites you but does no damage.
The ball python barely misses you. The gnoll closely misses you.
The gnoll hits you with a +0 whip. x2; The ball python barely misses you.
The ball python grabs you. The ball python constricts you.
You shoot an arrow. The arrow hits the ball python.
You kill the ball python!
The gnoll barely misses you. x2
The gnoll hits you from afar with a +0 halberd. x2
The gnoll hits you with a +0 whip. The gnoll misses you.
You shoot an arrow.
The arrow hits the gnoll but does no damage.
The gnoll is heavily wounded.
The gnoll misses you. The gnoll hits you but does no damage.
You shoot an arrow.
The arrow hits the gnoll but does no damage.
The gnoll is heavily wounded.
The gnoll hits you with a +0 whip. The gnoll completely misses you.
The gnoll misses you.
You shoot an arrow.
The arrow hits the gnoll but does no damage.
The gnoll is heavily wounded.
The gnoll hits you but does no damage. The gnoll hits you with a +0 whip.
You shoot an arrow. The arrow hits the gnoll!
You kill the gnoll!
The gnoll hits you from afar with a +0 halberd!
You die...

#.'.... .....#
#...#.)..
.....#
#.###...!
#....# #
#.....
.####+#....
#.....
..........
#.....
.........
#.....
......%.######
##+###
......g@..)..#
......)#####.#
.....g. #.#
.......
#.#########
.......
#.........#
.......
#########.#
.......
#..<..#.#
.......
#.#.#.#.#
#.#.#.#.#


You could see 2 gnolls.

Vanquished Creatures
  Jessica (D:2)
  Natasha (twice) (D:2)
  Robin (D:2)
  2 gnolls (D:2)
  An adder (D:2)
  A dart slug (D:2)
  6 ball pythons
  3 endoplasms
  A giant cockroach (D:1)
  18 goblins
  5 hobgoblins
  4 quokkas
  3 frilled lizards
  4 kobolds
  2 rats (D:2)
54 creatures vanquished.

Notes
Turn   | Place    | Note
-------+----------+-------------------------------------------
     0 | D:1      | qw the Djinni Hunter began the quest for the Orb.
     0 | D:1      | Reached XP level 1. HP: 18/18 MP: 0/0
     0 | D:1      | 0 ||| qw: Version: 0.3-a-136-gdd3b4e8
     0 | D:1      | 0 ||| qw: Game counter: 1177
     0 | D:1      | 0 ||| qw: Melee chars always use a shield: true
     0 | D:1      | 0 ||| qw: God list: Okawaru
     0 | D:1      | 0 ||| qw: Allow faded altars: false
     0 | D:1      | 0 ||| qw: Do Orc after clearing Dungeon:15 true
     0 | D:1      | 0 ||| qw: Do second Lair branch before Depths: true
     0 | D:1      | 0 ||| qw: Lair rune preference: random
     0 | D:1      | 0 ||| qw: Goals: Normal
     0 | D:1      | 0 ||| PLANNING D:1-11
   248 | D:1      | Reached XP level 2. HP: 23/23 MP: 0/0
   456 | D:1      | You are sucked into a shaft and drop 1 floor!
   524 | D:2      | Reached skill level 4 in Ranged Weapons
   524 | D:2      | Reached XP level 3. HP: 28/28 MP: 0/0
   524 | D:2      | Learned a level 1 spell: Sting
   527 | D:2      | Noticed Robin
   532 | D:2      | 532 ||| RETREEEEATING.
   533 | D:2      | 533 ||| RETREEEEATING.
   543 | D:2      | Killed Robin
   550 | D:2      | HP: 6/29 [hobgoblin[Robin] (6)]
   674 | D:2      | Noticed Natasha
   680 | D:2      | Killed Natasha
   681 | D:2      | Reached skill level 3 in Fighting
   681 | D:2      | Reached XP level 4. HP: 30/35 MP: 0/0
   712 | D:2      | 712 ||| FLEEEEING.
   713 | D:2      | 713 ||| UPGRADING to +0 helmet.
   718 | D:2      | 718 ||| READING 3 scrolls labelled FAMYVV SOFEMI.
   719 | D:2      | 719 ||| READING scroll labelled XUPLIEH VEHIGO.
   820 | D:2      | 820 ||| READING 2 scrolls labelled VEVUC EKHLU.
   820 | D:2      | 820 ||| IDENTIFYING green potion
   821 | D:2      | 821 ||| READING scroll of identify.
   821 | D:2      | 821 ||| IDENTIFYING 3 silvery potions
   822 | D:2      | 822 ||| READING scroll labelled BYCKIO NITEUTU.
   823 | D:2      | 823 ||| READING scroll labelled BOYKKI BAL KOM.
   825 | D:2      | Noticed Natasha
   832 | D:2      | HP: 5/35 [Natasha/magic dart (7)]
   833 | D:2      | Killed Natasha
   834 | D:2      | Reached XP level 5. HP: 7/40 MP: 0/0
   834 | D:2      | Learned a level 2 spell: Lesser Beckoning
   876 | D:2      | Reached skill level 3 in Dodging
   960 | D:2      | 960 ||| DROPPING scroll of butterflies.
   961 | D:2      | 961 ||| DROPPING 2 scrolls of poison.
   962 | D:2      | 962 ||| DROPPING potion of lignification.
   978 | D:2      | Noticed Jessica
   989 | D:2      | Killed Jessica
  1437 | D:1      | 1437 ||| UPGRADING to +4 ring of protection.
  1492 | D:2      | HP: 10/40 [gnoll/+0 whip (1)]
  1496 | D:2      | Slain by a gnoll

Levels and vault maps discovered:
D:1:      co_arrival_hexagon_in_a_hexagon, layout_loops_cross, minivault_4
D:2:      layout_basic, nicolae_grassy_gnolls, uniq_jessica, uniq_robin,
          uniq_natasha

Skill      XL: |  1  2  3  4  5 |
---------------+----------------+-----
Ranged Weapons | 4 |  4.5
Fighting       | 3 |  3.4
Dodging        | 3 |  3.0
Stealth        | |  0.7

Action                     |  1- 3 |  4- 6 || total
---------------------------+-------+-------++-------
   Fire: Shortbow          |    71 |    69 ||   140
    Use: Scroll            |       |     6 ||     6
 Armour: Leather armour    |    21 |    40 ||    61
  Dodge: Dodged            |    14 |    26 ||    40

Table legend:
 A = Non-vault XP
 B = Vault XP
 C = Vault XP percentage of total XP
 D = Non-vault monster count
 E = Vault monster count
 F = Vault count percentage of total count
                 A         B        C        D         E       F
            +---------+---------+-------+---------+---------+-------
      Total |     108 |     139 |  56.3 |      37 |      17 |  31.5
            +---------+---------+-------+---------+---------+-------
        D:1 |      34 |       0 |   0.0 |      21 |       0 |   0.0
        D:2 |      74 |     139 |  65.3 |      16 |      17 |  51.5
            +---------+---------+-------+---------+---------+-------
